 Dungeon Crawl Stone Soup version 0.20-a0-507-gc86f373 (webtiles) character file.

104 Kidiri the Magician (level 4, -6/24 HPs)
             Began as a Deep Elf Fire Elementalist on Jan 21, 2017.
             Mangled by Sigmund
             ... wielding a +0 scythe
              (11 damage)
             ... on level 3 of the Dungeon.
             The game lasted 00:06:14 (2324 turns).

Kidiri the Magician (Deep Elf Fire Elementalist)    Turns: 2324, Time: 00:06:15

Health: -6/24      AC:  7    Str:  5    XL:     4   Next: 52%
Magic:  4/13       EV: 13    Int: 21    God:
Gold:   130        SH:  0    Dex: 15    Spells: 4/13 levels left

rFire    . . .     SeeInvis .   f - +0 dagger
rCold    . . .     Gourm    .   a - +0 robe
rNeg     . . .     Faith    .   (no shield)
rPois    .         Spirit   .   k - +1 helmet
rElec    .         Reflect  .   n - +1 cloak
rCorr    .         Harm     .   r - +0 pair of gloves
MR       .....                  (no boots)
Stlth    +.........             (no amulet)
Regen    0.1/turn               (no ring)
                                (no ring)

@: no status effects
A: no striking features
a: no special abilities


You were on level 3 of the Dungeon.
You were not hungry.

You visited 1 branch of the dungeon, and saw 3 of its levels.

You collected 130 gold pieces.

Inventory:

Hand Weapons
 f - a +0 dagger (weapon)
Armour
 a - a +0 robe (worn)
 k - a +1 helmet (worn)
 n - a +1 cloak (worn)
 r - a +0 pair of gloves (worn)
Scrolls
 d - a scroll of blinking
 m - a scroll of remove curse
 o - a scroll of teleportation
Potions
 e - 3 potions of mutation {unknown}
 g - a potion of flight
 h - a potion of degeneration
 i - a potion of haste {unknown}
 j - 2 potions of curing {unknown}
 l - a potion of lignification {unknown}
Books
 b - a book of Flames

   Spells                             Type                      Level
   a - Flame Tongue                   Conjuration/Fire             1
   b - Throw Flame                    Conjuration/Fire             2
   c - Conjure Flame                  Conjuration/Fire             3
   d - Inner Flame                    Hexes/Fire                   3
   e - Sticky Flame                   Conjuration/Fire             4
   f - Fireball                       Conjuration/Fire             5
Comestibles
 c - 2 bread rations
 p - 3 chunks of flesh
 q - a meat ration


   Skills:
 - Level 2.4 Dodging
 - Level 2.4 Stealth
 * Level 5.0 Spellcasting
 + Level 2.3 Conjurations
 + Level 4.2 Fire Magic


You had 4 spell levels left.
You knew the following spells:

 Your Spells              Type           Power        Failure   Level  Hunger
a - Flame Tongue          Conj/Fire      ###..        2%          1    None
b - Throw Flame           Conj/Fire      ###...       4%          2    None
c - Conjure Flame         Conj/Fire      ###.....     10%         3    ##.....
d - Inner Flame           Hex/Fire       ##......     17%         3    ##.....


Dungeon Overview and Level Annotations

Branches:
Dungeon (3/15)

Altars:
Ashenzari

Portals:
Sewer: D:3

Annotations:
D:3 Sigmund


Message History

Press: ? - help, Shift-Dir - straight line, f - adder
Aim: an adder The flame tongue hits the adder.
The adder is severely wounded.
The adder is engulfed in a cloud of scalding steam.
You kill the adder!
Your Spellcasting skill increases to level 5!
Something hits you but does no damage.
You enter the shallow water.
Moving in this stuff is going to be slow.
Something hits you!
Ouch! That really hurt!
* * * LOW HITPOINT WARNING * * *
You see here an adder corpse.
Casting: Flame Tongue
Confirm with . or Enter, or press ? or * to list all spells.
Aiming: Conjure Flame
Press: ? - help, Dir - move target cursor The fire roars!
Something hits you!
You die...

##.# #.# #..# #.# #.##
#.# ###)##########.#
#..............##
#.#..............
#.#...####.######
##########...# #.#
≈∩≈≈≈≈≈@§....# #.#
#########....####.######
#.#..........[...
#.###......#..##. #.#
##.##.....#..
#.####.#........#
#........#....#..
######{#...#..##.
#####.##.##.....


There were no monsters in sight!

Vanquished Creatures
  4 adders
  A worm (D:3)
  2 dart slugs
  A leopard gecko (D:3)
  An orc (D:3)
  2 ball pythons (D:2)
  6 bats
  5 giant cockroaches
  7 goblins
  6 hobgoblins
  7 jackals (D:1)
  4 kobolds
  3 quokkas
  3 rats (D:1)
52 creatures vanquished.

Notes
Turn   | Place    | Note
-------+----------+-------------------------------------------
     0 | D:1      | Kidiri the Deep Elf Fire Elementalist began the quest for the Orb.
     0 | D:1      | Reached XP level 1. HP: 10/10 MP: 6/6
   190 | D:1      | Reached XP level 2. HP: 13/15 MP: 3/8
   265 | D:1      | Learned a level 2 spell: Throw Flame
   751 | D:1      | Reached skill level 4 in Spellcasting
   751 | D:1      | Reached XP level 3. HP: 14/19 MP: 3/10
   905 | D:1      | Learned a level 3 spell: Conjure Flame
   909 | D:1      | Learned a level 3 spell: Inner Flame
  1982 | D:3      | Reached XP level 4. HP: 22/24 MP: 8/12
  2271 | D:3      | Noticed Sigmund
  2287 | D:3      | Found a shattered altar of Ashenzari.
  2317 | D:3      | Found a glowing drain.
  2318 | D:3      | Reached skill level 5 in Spellcasting
  2324 | D:3      | Mangled by Sigmund

Vault maps used:
D:1:      mushboom_english_gardens
D:2:      first_bread
D:3:      nicolae_ashenzari_panopticon, portal_sewer_entry_d, uniq_sigmund

Skill      XL: |  1  2  3  4 |
---------------+-------------+-----
Spellcasting   | 4 5 |  5.0
Fire Magic     | 4 |  4.2
Conjurations   | 2 |  2.3
Dodging        | |  2.4
Stealth        | |  2.4

Action                   |  1- 3 |  4- 6 || total
-------------------------+-------+-------++-------
Melee: Unarmed           |     1 |       ||     1
       Dagger            |    26 |     4 ||    30
 Cast: Flame Tongue      |    67 |    21 ||    88
       Throw Flame       |       |     3 ||     3
       Conjure Flame     |       |     2 ||     2
  Use: Scroll            |     7 |     3 ||    10
 Stab: Sleeping          |     6 |     4 ||    10
  Eat: Chunk             |     3 |     1 ||     4
Armor: Robe              |    13 |     5 ||    18
Dodge: Dodged            |    45 |     6 ||    51
